 Dungeon Crawl Stone Soup version 0.31-a0-267-g3fc6992b3b (webtiles) character file.

Game seed: 8479337068359341229

39 qw the Shooter (level 3, -10/29 HPs)
             Began as a Minotaur Hexslinger on July 14, 2023.
             Mangled by a gnoll
             ... wielding a +2 heavy flail
              (18 damage)
             ... on level 2 of the Dungeon.
             The game lasted 00:00:17 (784 turns).

qw the Shooter (Minotaur Hexslinger)                 Turns: 784, Time: 00:00:17

Health: -10/29     AC:  5    Str: 12    XL:     3   Next: 26%
Magic:  3/3        EV: 11    Int: 10    God:
Gold:   64         SH:  0    Dex: 14    Spells: 3/4 levels left

rFire   . . .        Y - +0 longbow
rCold   . . .        (shield currently unavailable)
rNeg    . . .        j - +0 ring mail
rPois   .            (helmet restricted)
rElec   .            (no cloak)
rCorr   .            (no gloves)
SInv    .            (no boots)
Will    .....        (no amulet)
Stlth   +            (no ring)
HPRegen 0.24/turn    (no ring)
MPRegen 0.08/turn

%: no passive effects
@: no status effects
A: horns 2, retaliatory headbutt
a: no special abilities


You were on level 2 of the Dungeon.
You visited 1 branch of the dungeon, and saw 2 of its levels.

You collected 64 gold pieces.


Innate Abilities, Weirdness & Mutations

You have a pair of horns on your head.
You reflexively headbutt those who attack you in melee.


   Skills:
 - Level 2.0 Fighting
 + Level 3.9 Ranged Weapons
 - Level 2.1 Dodging
 - Level 1.0 Spellcasting
 - Level 2.0 Hexes


You had 3 spell levels left.
You knew the following spells:

 Your Spells              Type           Power      Damage    Failure   Level
a - Slow                  Hex            16%        N/A       34%         1

Your spell library contained the following spells:

 Spells                   Type           Power      Damage    Failure   Level
 Inner Flame              Hex/Fire       2%         N/A       83%         3
 Portal Projectile        Hex/Tloc       4%         N/A       83%         3
 Cause Fear               Hex            2%         N/A       98%         4

Inventory:

Hand Weapons
 Y - a +0 longbow (weapon)
Armour
 j - a +0 ring mail (worn)
Potions
 d - a potion of attraction {unknown}
 e - a potion of brilliance {unknown}
 f - a potion of might {unknown}
 h - a potion of heal wounds

Dungeon Overview and Level Annotations

Branches:
Dungeon (2/15)

Altars:


Message History

Found a stone staircase leading down.
There is a stone staircase leading up here.
Waypoint 1 assigned to D:2.
A rat comes into view.
Found 8 gold pieces.
You shoot an arrow. The arrow hits the rat!
You kill the rat!
You have reached level 3!
Your experience leads to an increase in your attributes!
Increase (S)trength, (I)ntelligence, or (D)exterity?
You feel agile. x2
You see here a +1 heavy spear.
You now have 64 gold pieces (gained 8).
Found a stone staircase leading down. 2 gnolls come into view.
A gnoll is wielding a +2 heavy flail.
The gnoll shouts! x2; You hear a shout! x3
You shoot an arrow. The arrow closely misses the gnoll.
A gnoll comes into view. It is wielding a +0 spear.
You shoot an arrow. The arrow hits the gnoll.
The gnoll is moderately wounded.
The gnoll hits you but does no damage.
You shoot an arrow. The arrow hits the gnoll.
The gnoll is heavily wounded.
The gnoll hits you with a +0 flail.
You shoot an arrow. The arrow hits the gnoll.
The gnoll is heavily wounded.
The gnoll misses you. You furiously retaliate!
You headbutt the gnoll. The gnoll closely misses you.
The gnoll hits you with a +2 heavy flail.
The gnoll hits you from afar with a +0 spear.
You shoot an arrow. The arrow hits the gnoll.
You kill the gnoll!
The gnoll hits you from afar with a +0 spear.
The gnoll hits you with a +2 heavy flail.
You shoot an arrow.
The arrow hits the gnoll but does no damage.
The gnoll hits you from afar with a +0 spear.
The gnoll hits you with a +2 heavy flail!!
Ouch! That really hurt!
You die...

...# #..# #..##
##############
....
.......>gg...#
#..# #@# #..######
#.# #.......# #.#
#)......# ##.#
#.......# #..#
.#..###########.##
................#
###.########..###
..............#


You could see 2 gnolls.

Vanquished Creatures
  A gnoll (D:2)
  A dart slug (D:1)
  A ball python (D:1)
  7 endoplasms (D:1)
  2 goblins (D:1)
  A quokka (D:1)
  A bat (D:1)
  2 frilled lizards (D:1)
  5 kobolds (D:1)
  4 rats
25 creatures vanquished.

Notes
Turn   | Place    | Note
-------+----------+-------------------------------------------
     0 | D:1      | qw the Minotaur Hexslinger began the quest for the Orb.
     0 | D:1      | Reached XP level 1. HP: 16/16 MP: 1/1
     0 | D:1      | 0 ||| qw: Version: 0.3-a-52-g30416fa
     0 | D:1      | 0 ||| qw: Game counter: 7807
     0 | D:1      | 0 ||| qw: Melee chars always use a shield: true
     0 | D:1      | 0 ||| qw: God list: Okawaru
     0 | D:1      | 0 ||| qw: Allow faded altars: false
     0 | D:1      | 0 ||| qw: Do Orc after clearing Dungeon:15 true
     0 | D:1      | 0 ||| qw: Do second Lair branch before Depths: true
     0 | D:1      | 0 ||| qw: Lair rune preference: random
     0 | D:1      | 0 ||| qw: Goals: Normal
     0 | D:1      | 0 ||| PLANNING D:1-11
   206 | D:1      | Reached skill level 3 in Ranged Weapons
   206 | D:1      | Reached XP level 2. HP: 23/23 MP: 2/2
   391 | D:1      | 391 ||| SWAPPING to +0 longbow.
   392 | D:1      | 392 ||| DROPPING +1 sling.
   674 | D:1      | 674 ||| UPGRADING to +0 leather armour.
   684 | D:1      | 684 ||| DROPPING +0 robe.
   685 | D:1      | 685 ||| UPGRADING to +0 ring mail.
   695 | D:1      | 695 ||| DROPPING +0 leather armour.
   696 | D:1      | 696 ||| DROPPING ring of magical power.
   697 | D:1      | 697 ||| READING scroll labelled ABEIMAE PIOSM.
   698 | D:1      | 698 ||| READING scroll labelled FEINNAGAUM.
   699 | D:1      | 699 ||| DRINKING 2 viscous ruby potions.
   700 | D:1      | 700 ||| DROPPING scroll of poison.
   748 | D:2      | Reached XP level 3. HP: 29/29 MP: 3/3
   784 | D:2      | Mangled by a gnoll

Levels and vault maps discovered:
D:1:      ncdulo_wetmaze, layout_loops_ring, hangedman_decor_growths,
          minmay_indecisive_spiral
D:2:      layout_basic, minmay_fractal_squares_gapless_5

Skill      XL: |  1  2 |
---------------+-------+-----
Ranged Weapons | 3 |  3.9
Fighting       | 2 |  2.0
Dodging        | |  2.1
Spellcasting   | |  1.0
Hexes          | |  2.0

Action                     || total
---------------------------++-------
   Fire: Sling             ||    31
         Longbow           ||    22
    Use: Scroll            ||     2
         Potion            ||     1
 Armour: Robe              ||     3
         Ring mail         ||     1
  Dodge: Dodged            ||     7

Table legend:
 A = Non-vault XP
 B = Vault XP
 C = Vault XP percentage of total XP
 D = Non-vault monster count
 E = Vault monster count
 F = Vault count percentage of total count
                 A         B        C        D         E       F
            +---------+---------+-------+---------+---------+-------
      Total |      50 |       6 |  10.7 |      21 |       4 |  16.0
            +---------+---------+-------+---------+---------+-------
        D:1 |      34 |       6 |  15.0 |      19 |       4 |  17.4
        D:2 |      16 |       0 |   0.0 |       2 |       0 |   0.0
            +---------+---------+-------+---------+---------+-------
